 Dungeon Crawl Stone Soup version 0.31-a0-426-g3a05650e59 (webtiles) character file.

Game seed: 3801628858360369572

927 shadowstone the Sneak (level 8, -2/51 HPs)
             Began as an Octopode Shapeshifter on July 30, 2023.
             Was an Initiate of Qazlal.
             Slain by a gnoll
             ... wielding a +0 spear
             ... led by a gnoll bouda
              (9 damage)
             ... on level 6 of the Dungeon.
             The game lasted 00:15:40 (7125 turns).

shadowstone the Sneak (Octopode Shapeshifter)       Turns: 7125, Time: 00:15:40

Health: -2/51      AC:  1    Str: 16    XL:     8   Next: 10%
Magic:  8/8        EV: 10    Int: 11    God:    Qazlal [......]
Gold:   253        SH: 12    Dex: 12    Spells: 7/7 levels left

rFire   . . .        r - +1 flail (heavy)
rCold   . . .        m - +1 tower shield
rNeg    + . .        (helmet currently unavailable)
rPois   .            v - amulet of regeneration
rElec   .            p - ring of positive energy
rCorr   .            (no ring)
SInv    .            y - ring of flight
Will    .....        (no ring)
Stlth   ++++         (no ring)
HPRegen 1.08/turn    (no ring)
MPRegen 0.11/turn    (no ring)
                     (no ring)

%: no passive effects
@: beast-form, weakened, flying
A: beast (slay +3), almost no armour, amphibious, 8 rings, camouflage 1,
gelatinous body 1, (nimble swimmer 1), tentacles
a: Begin Untransformation, Renounce Religion


You were on level 6 of the Dungeon.
You worshipped Qazlal.
Qazlal was noncommittal.
You were a hulking beast.
You visited 2 branches of the dungeon, and saw 7 of its levels.

You collected 253 gold pieces.

Inventory:

Hand Weapons
 i - a +0 scythe
 r - a +1 heavy flail (weapon)
Missiles
 c - 2 silver javelins
 g - 11 poisoned darts
 C - 4 boomerangs (quivered)
Armour
 m - a +1 tower shield (worn)
Jewellery
 j - a ring of protection from fire
 p - a ring of positive energy (left tentacle)
 v - an amulet of regeneration (around mantle)
 w - a ring of protection from fire
 y - a ring of flight (on tentacle)
Talismans
 b - a beast talisman (active)
Scrolls
 e - 2 scrolls of teleportation
 k - 3 scrolls of identify
 l - a scroll of blinking
 n - a scroll of revelation {unknown}
 o - a scroll of torment
 q - 3 scrolls of immolation
 A - a scroll of noise {unknown}
 D - a scroll of vulnerability {unknown}
 E - a scroll of amnesia
Potions
 a - 4 potions of lignification
 d - 3 potions of degeneration {unknown}
 f - a potion of heal wounds {unknown}
 h - a potion of brilliance {unknown}
 s - a potion of attraction {unknown}
 t - a potion of berserk rage {unknown}
 u - 2 potions of might {unknown}
 x - a potion of haste {unknown}
 z - a potion of invisibility {unknown}
 B - 2 potions of curing {unknown}
 F - a potion of ambrosia {unknown}


   Skills:
 + Level 2.8 Fighting
 + Level 2.9 Maces & Flails
 + Level 2.2 Throwing
 + Level 3.8 Dodging
 + Level 4.6 Stealth
 + Level 2.2 Shields
 + Level 4.2 Unarmed Combat
 + Level 4.4 Shapeshifting


You had 7 spell levels left.
You didn't know any spells.
Your spell library contained the following spells:

 Spells                   Type           Power      Damage    Failure   Level
 Freeze                   Ice            0%         1d3       99%         1
 Frozen Ramparts          Ice            0%         1d1       100%        3
 Hailstorm                Conj/Ice       0%         3d3       100%        3


Dungeon Overview and Level Annotations

Branches:
Dungeon (6/15)             Temple (1/1) D:4

Altars:
Ashenzari
Dithmenos
Elyvilon
Fedhas
Hepliaklqana
Kikubaaqudgha
Okawaru
Qazlal
Ru
Sif Muna
Trog
Uskayaw
Wu Jian
Xom
Zin

Annotations:
D:3 3 runed translucent doors, Dordric's ghost, amateur FoHu


Innate Abilities, Weirdness & Mutations

You are a hulking beast.
Your limbs bulge with bestial killing power. (Slay +3)
You cannot wear most types of armour.
You are amphibious.
You can wear up to eight rings at the same time.
Your skin changes colour to match your surroundings (Stealth+).
Your rubbery body absorbs attacks. (AC +1, EV +1)
((You are camouflaged when in or above water. (Stealth+)))
You have tentacles for arms and can constrict up to eight enemies at once.


Message History

2 gnolls come into view.
The gnoll bouda barks out a call to the hunt!
The gnolls pick up the pace!
The gnoll barely misses you.
Items here: ( )) †.
You block the gnoll's attack.
You barely miss the gnoll bouda. You grab the gnoll bouda.
You constrict the gnoll bouda, but do no damage.
You block the gnoll bouda's attack.
The gnoll throws a throwing net.
You block the throwing net.
The gnoll bouda gazes fiercely through you!
You feel your attacks grow feeble.
The gnoll bouda hits you with a +0 club.
You block the gnoll's attack.
The gnoll hits you from afar with a +0 spear.
You block the gnoll bouda's attack.
You barely miss the gnoll bouda. You tentacle-slap the gnoll bouda.
The gnoll bouda is lightly wounded.
You constrict the gnoll bouda.
The gnoll hits you from afar with a +0 spear!
The gnoll bouda hits you with a +0 club!
The gnoll bouda hits you with a +0 club.
You block the gnoll's attack.
You hit the gnoll bouda. Your squeeze misses the gnoll bouda.
The gnoll bouda is heavily wounded.
Your attacks no longer feel as feeble.
You constrict the gnoll bouda! The gnoll barely misses you.
The gnoll bouda gazes fiercely through you!
You feel your attacks grow feeble. You block the gnoll bouda's attack.
The gnoll hits you from afar with a +0 spear!
* * * LOW HITPOINT WARNING * * *
The gnoll bouda hits you with a +0 club.
* * * LOW HITPOINT WARNING * * *
You thump the gnoll bouda!
You kill the gnoll bouda!
Qazlal accepts your kill. You block the gnoll's attack.
The gnoll hits you from afar with a +0 spear!
You die...

#.#.##...## #..[####
#.#.###.## # #..
#.#.###.#####.. ###
########..............
...............#####..
########.#.#####
#..#.# #..#.#######
#..#.....)h# ###
#..#######.# .. ....
#g# # #..# #g# # ..# #
#g# # ####^.##.# #.#
####........# #.#
............# ...
####.......<##


You could see 3 gnolls.

Vanquished Creatures
  Sigmund (D:2)
  2 black bears
  An ice beast (D:6)
  A phantom (D:5)
  A scorpion (D:4)
  A howler monkey (D:6)
  3 hounds
  A gnoll bouda (D:6)
  2 iguanas
  8 adders
  2 gnolls (D:6)
  A shadow imp (D:6)
  3 dart slugs
  5 orcs
  7 ball pythons
  4 bats
  2 endoplasms
  9 giant cockroaches
  4 goblins
  9 hobgoblins
  4 quokkas
  3 frilled lizards (D:1)
  5 kobolds
  5 rats
84 creatures vanquished.

Notes
Turn   | Place    | Note
-------+----------+-------------------------------------------
     0 | D:1      | shadowstone the Octopode Shapeshifter began the quest for
                  | the Orb.
     0 | D:1      | Reached XP level 1. HP: 13/13 MP: 1/1
   160 | D:1      | Reached XP level 2. HP: 14/18 MP: 2/2
   499 | D:1      | Reached XP level 3. HP: 22/23 MP: 3/3
   836 | D:2      | Noticed Sigmund
   841 | D:2      | Killed Sigmund
   842 | D:2      | Reached skill level 1 in Throwing
   842 | D:2      | Reached skill level 1 in Stealth
   842 | D:2      | Reached XP level 4. HP: 7/28 MP: 4/4
   842 | D:2      | Reached XP level 5. HP: 8/33 MP: 5/5
  2156 | D:3      | Noticed Dordric's ghost (amateur FoHu)
  2173 | D:3      | Found a runed translucent gate.
  2173 | D:3      | Found a runed translucent gate.
  2173 | D:3      | Found a runed translucent gate.
  2562 | D:3      | Reached XP level 6. HP: 38/38 MP: 6/6
  3207 | D:4      | Noticed a black bear
  3209 | D:4      | Killed a black bear
  3210 | D:4      | Reached skill level 1 in Shields
  4143 | D:4      | Found a staircase to the Ecumenical Temple.
  4246 | D:4      | Reached skill level 1 in Maces & Flails
  4246 | D:4      | Reached XP level 7. HP: 25/45 MP: 7/7
  4349 | Temple   | Entered the Ecumenical Temple
  4420 | Temple   | Became a worshipper of Qazlal Stormbringer
  4859 | D:5      | Entered Level 5 of the Dungeon
  7042 | D:6      | Reached XP level 8. HP: 31/51 MP: 8/8
  7125 | D:6      | Slain by a gnoll

Illustrated notes

Levels and vault maps discovered:
D:1:      tarquinn_simple_flora_water_f, layout_loops_ring
D:2:      layout_basic, minmay_shallow_snake_nest, uniq_robin, uniq_sigmund
D:3:      layout_loops_ring, gammafunk_ghost_split
D:4:      layout_basic, minmay_temple_entry_trees, chequers_mini_garden,
          corexii_corridor_pit
D:5:      layout_basic, grunt_temple_overflow_holy_war, serial_shops, shop,
          gammafunk_ghost_stat_death, uniq_crazy_yiuf_cottage
D:6:      layout_loops_ring
Temple:   nicolae_temple_superstar

Skill      XL: |  1  2  3  4  5  6  7 |
---------------+----------------------+-----
Throwing       | 1 2 |  2.2
Stealth        | 1 2 4 |  4.6
Unarmed Combat | 4 |  4.2
Shapeshifting  | 4 |  4.4
Dodging        | 3 |  3.8
Shields        | 1 2 |  2.2
Fighting       | 2 |  2.8
Maces & Flails | 1 2 |  2.9

Action                     |  1- 3 |  4- 6 |  7- 9 || total
---------------------------+-------+-------+-------++-------
  Melee: Unarmed           |    27 |    29 |       ||    56
         Constrict         |     8 |    25 |    10 ||    43
         Tentacles         |     5 |    13 |     8 ||    26
         Flail             |       |    39 |    36 ||    75
         Halberd           |       |     3 |       ||     3
         Punch             |       |     3 |     1 ||     4
  Throw: Javelin           |    24 |     8 |       ||    32
    Use: Scroll            |       |       |     6 ||     6
   Stab: Sleeping          |     2 |     4 |     4 ||    10
 Armour: Skin              |     3 |     6 |     2 ||    11
  Dodge: Dodged            |    27 |    59 |    12 ||    98
  Block: Tower shield      |       |    75 |    38 ||   113

Table legend: (Time is in decaauts)
 A = Elapsed time spent in this place.
 B = Non-inter-level travel time spent in this place.
 C = Inter-level travel time spent in this place.
 D = Time resting spent in this place.
 E = Time spent auto-exploring this place.
 F = Levels seen in this place.
 G = Mean time per level.
                   A        B        C        D        E       F      G
               +--------+--------+--------+--------+--------+-----+--------+
         Total |   7256 |   7243 |     13 |   3215 |   1210 |   7 | 1036.6 |
       Dungeon |   7054 |   7041 |     13 |   3215 |   1210 |   6 | 1175.7 |
        Temple |    201 |    201 |      0 |      0 |      0 |   1 |  201.0 |
               +--------+--------+--------+--------+--------+-----+--------+

Top non-repeatable levels by time:
     D:5: 1793 daAuts
     D:4: 1784 daAuts
     D:2: 1356 daAuts
     D:3: 872 daAuts
     D:1: 729 daAuts
     D:6: 518 daAuts
  Temple: 201 daAuts
